 Dungeon Crawl Stone Soup version 0.21.1-1-g345015f (webtiles) character file.

818 wojtek the Cleaver (level 7, -9/60 HPs)
             Began as a Minotaur Fighter on July 13, 2018.
             Was a Follower of Makhleb.
             Killed by divine providence
             ... invoked by an orc priest
              (13 damage)
             ... on level 6 of the Dungeon.
             The game lasted 00:07:35 (5293 turns).

wojtek the Cleaver (Minotaur Fighter)               Turns: 5293, Time: 00:07:36

Health: -9/60      AC:  9    Str: 23    XL:     7   Next: 62%
Magic:  8/8        EV:  8    Int:  5    God:    Makhleb [*.....]
Gold:   280        SH:  9    Dex:  9    Spells: 6/6 levels left

rFire    . . .     SeeInvis .   a - +0 war axe
rCold    . . .     Gourm    .   c - +0 shield
rNeg     . . .     Faith    .   b - +0 scale mail
rPois    .         Spirit   .   (helmet restricted)
rElec    .         Reflect  .   (no cloak)
rCorr    .         Harm     .   e - +0 pair of gloves
MR       .....                  j - +0 pair of boots
Stlth    +.........             (no amulet)
HPRegen  0.20/turn              m - ring of stealth
MPRegen  0.11/turn              (no ring)

@: no status effects
A: retaliatory headbutt, horns 2
a: Renounce Religion


You were on level 6 of the Dungeon.
You worshipped Makhleb.
Makhleb was aware of your devotion.
You were not hungry.

You visited 2 branches of the dungeon, and saw 7 of its levels.
You also visited: Ossuary.

You collected 280 gold pieces.

Inventory:

Hand Weapons
 a - a +0 war axe (weapon)
Armour
 b - a +0 scale mail (worn)
 c - a +0 shield (worn)
 e - a +0 pair of gloves (worn)
 j - a +0 pair of boots (worn)
Jewellery
 m - a ring of stealth (left hand)
 y - an uncursed amulet of faith {unknown}
 J - an uncursed amulet of guardian spirit {unknown}
Wands
 u - a wand of polymorph (13)
Scrolls
 g - a scroll of fog {unknown}
 h - 2 scrolls of noise {unknown}
 i - 4 scrolls of enchant armour {unknown}
 n - 3 scrolls of magic mapping {unknown}
 p - 5 scrolls of identify {unknown}
 r - a scroll of immolation {unknown}
 t - a scroll of amnesia {unknown}
 v - 2 scrolls of enchant weapon {unknown}
 z - 2 scrolls of remove curse {unknown}
 B - a scroll of blinking {unknown}
 D - a scroll of summoning {unknown}
 G - a scroll of fear {unknown}
 H - a scroll of teleportation {unknown}
Potions
 d - 6 potions of might
 k - a potion of invisibility {unknown}
 l - 6 potions of curing {unknown}
 o - 2 potions of degeneration {unknown}
 q - 3 potions of heal wounds {unknown}
 s - 3 potions of flight {unknown}
 w - 2 potions of agility {unknown}
 x - a potion of brilliance {unknown}
 A - a potion of cancellation {unknown}
 C - a potion of magic {unknown}
 E - a potion of mutation {unknown}
 F - a potion of lignification {unknown}
Books
 I - a book of Misfortune

   Spells                             Type                      Level
   a - Confusing Touch                Hexes                        1
   b - Confuse                        Hexes                        3
   c - Gell's Gravitas                Translocation                3
   d - Petrify                        Transmutation/Earth          4
   e - Metabolic Englaciation         Hexes/Ice                    5
   f - Yara's Violent Unravelling     Hexes/Transmutation          5
Comestibles
 f - 9 rations
 K - 2 chunks of flesh


   Skills:
 + Level 4.6 Fighting
 + Level 8.2 Axes
 + Level 4.5 Armour
 + Level 2.1 Dodging
 + Level 4.5 Shields
 * Level 2.7 Invocations


You had 6 spell levels left.
You didn't know any spells.

Dungeon Overview and Level Annotations

Branches:
Dungeon (6/15)             Temple (1/1) D:4

Altars:
Ashenzari
Cheibriados
Dithmenos
Elyvilon
Fedhas
Gozag
Hepliaklqana
Kikubaaqudgha
Makhleb
Nemelex Xobeh
Okawaru
Qazlal
Ru
Sif Muna
Trog
Uskayaw
Wu Jian
Xom
Yredelemnul
Zin
The Shining One

Annotations:
D:5 ogre


Innate Abilities, Weirdness & Mutations

You reflexively headbutt those who attack you in melee.
You have a pair of horns on your head.


Message History

The orc priest is heavily wounded.
The orc priest hits you with a morningstar.
* * * LOW HITPOINT WARNING * * *
You closely miss the orc priest.
The orc priest is heavily wounded.
You block the orc priest's attack.
You hit the orc priest.
The orc priest is severely wounded.
The orc priest hits you with a morningstar!
* * * LOW HITPOINT WARNING * * *
You closely miss the orc priest. Your headbutt misses the orc priest.
The orc priest is severely wounded.
The orc priest hits you with a morningstar.
* * * LOW HITPOINT WARNING * * *
The orc priest looks braver for a moment.
You barely miss the orc priest.
The orc priest is severely wounded.
The orc priest calls down the wrath of Beogh upon you.
Beogh smites you!
You die...

.......
#.#####.....
.......###.#
#..##. .....
.....#####..# .
o.. ..........[.#
. ...
#####...###.# ..
#h# #.......# #.#
#.##.##.#
#.###...# #.#
.......o####.#
##.## #.#
.......ho@.#.# #.#
#.# ..##.#####.#.#
#.# #.# # #.#.#
#.# #.# #)#.# #.#
.#####.#.####.#
#............#..
..................
#.#####.##...#####
...######


You could see a hound and 2 orc priests.

Vanquished Creatures
  A phantom (D:4)
  An ogre (D:5)
  2 crimson imps (D:5)
  A bullfrog skeleton (D:4)
  An orc priest (D:4)
  A jelly (D:6)
  2 orc wizards
  An iguana (D:5)
  A worker ant (D:4)
  2 hound skeletons
  13 mummies (Ossuary)
  5 adders
  A shadow imp (D:5)
  2 oozes
  An adder zombie (D:5)
  2 adder skeletons (D:4)
  3 worms
  A dart slug (D:3)
  3 leopard geckos
  11 orcs
  2 ball pythons
  6 bats
  A giant cockroach (D:1)
  4 goblins
  7 hobgoblins
  10 jackals (D:5)
  2 quokkas
  3 frilled lizards
  A gnoll skeleton (Ossuary)
  2 goblin skeletons (Ossuary)
  12 kobolds
  2 kobold skeletons (Ossuary)
  3 orc skeletons (Ossuary)
  6 rats
  11 rat skeletons (Ossuary)
127 creatures vanquished.

Notes
Turn   | Place    | Note
-------+----------+-------------------------------------------
     0 | D:1      | wojtek the Minotaur Fighter began the quest for the Orb.
     0 | D:1      | Reached XP level 1. HP: 19/19 MP: 0/0
    95 | D:1      | Reached skill level 3 in Axes
   220 | D:1      | Reached XP level 2. HP: 26/26 MP: 1/1
   426 | D:2      | Reached skill level 4 in Axes
   539 | D:2      | Reached XP level 3. HP: 31/31 MP: 2/2
  1373 | D:3      | Reached skill level 5 in Axes
  1546 | D:3      | Reached XP level 4. HP: 35/39 MP: 3/3
  2012 | D:4      | Reached skill level 6 in Axes
  2058 | D:4      | Reached XP level 5. HP: 45/45 MP: 4/4
  2143 | D:4      | Noticed a phantom
  2166 | D:4      | Killed a phantom
  2166 | D:4      | Reached skill level 7 in Axes
  2381 | D:4      | Reached XP level 6. HP: 51/51 MP: 5/5
  2824 | D:4      | Found a staircase to the Ecumenical Temple.
  2897 | Temple   | Entered the Ecumenical Temple
  3173 | Temple   | Became a worshipper of Makhleb the Destroyer
  3237 | D:5      | Entered Level 5 of the Dungeon
  3252 | D:5      | Found an ancient bone altar of Kikubaaqudgha.
  3418 | D:5      | Found a sand-covered staircase.
  3466 | D:5      | Reached skill level 1 in Dodging
  3466 | D:5      | Reached skill level 1 in Invocations
  3486 | Ossuary  | Entered an ossuary
  3707 | Ossuary  | Reached XP level 7. HP: 59/59 MP: 7/7
  3752 | Ossuary  | Reached * piety under Makhleb
  3793 | Ossuary  | Reached skill level 8 in Axes
  4769 | D:5      | HP: 3/60 [ogre/giant club (6)]
  5293 | D:6      | Killed from afar by an orc priest

Skill      XL: |  1  2  3  4  5  6  7 |
---------------+----------------------+-----
Axes           | 3 4 5 6 7 8 |  8.2
Fighting       | 4 |  4.6
Armour         | 4 |  4.5
Dodging        | 1 2 |  2.1
Shields        | 4 |  4.5
Invocations    | 1 2 |  2.7

Action                   |  1- 3 |  4- 6 |  7- 9 || total
-------------------------+-------+-------+-------++-------
Melee: War axe           |    89 |   137 |   135 ||   361
       Headbutt          |    12 |    28 |    23 ||    63
Evoke: Wand              |       |       |     1 ||     1
  Eat: Chunk             |     2 |     7 |     3 ||    12
       Ration            |       |       |     1 ||     1
Armor: Scale mail        |    45 |    54 |    46 ||   145
Dodge: Dodged            |    26 |    37 |    21 ||    84
Block: Shield            |    40 |    58 |    46 ||   144
